 Dungeon Crawl Stone Soup version 0.30.0-18-gc0e69614cb (webtiles) character file.

Game seed: 594112697960645264

14 cheesebisquit the Trooper (level 2, 0/31 HPs)
             Began as an Ogre Warper on May 25, 2023.
             Slain by a goblin
             ... wielding a +0 club
              (3 damage)
             ... on level 1 of the Dungeon.
             The game lasted 00:01:41 (189 turns).

cheesebisquit the Trooper (Ogre Warper)              Turns: 189, Time: 00:01:41

Health: 0/31       AC:  3    Str: 14    XL:     2   Next: 41%
Magic:  5/5        EV:  9    Int: 14    God:
Gold:   27         SH:  0    Dex:  8    Spells: 6/6 levels left

rFire   . . .        a - +0 mace
rCold   . . .        (no shield)
rNeg    . . .        b - +0 robe
rPois   .            (helmet restricted)
rElec   .            (no cloak)
rCorr   .            (gloves unavailable)
SInv    .            (boots unavailable)
Will    .....        (no amulet)
Stlth   +            (no ring)
HPRegen 0.25/turn    (no ring)
MPRegen 0.09/turn

%: no passive effects
@: no status effects
A: large, unfitting armour, tough skin 1
a: no special abilities


You were on level 1 of the Dungeon.
You visited 1 branch of the dungeon, and saw 1 of its levels.

You collected 27 gold pieces.

Inventory:

Hand Weapons
 a - a +0 mace (weapon)
Missiles
 d - 7 boomerangs of dispersal (quivered)
Armour
 b - a +0 robe (worn)
Scrolls
 e - a scroll of identify {unknown}


   Skills:
 + Level 3.0 Fighting
 * Level 2.1 Maces & Flails
 - Level 1.0 Throwing
 - Level 2.1 Dodging
 + Level 2.6 Spellcasting
 + Level 2.8 Translocations


You had 6 spell levels left.
You didn't know any spells.
Your spell library contained the following spells:

 Spells                   Type           Power      Damage    Failure   Level
 Blink                    Tloc           18%        N/A       11%         2
 Lesser Beckoning         Tloc           18%        N/A       11%         2
 Teleport Other           Tloc           9%         N/A       21%         3
 Vhi's Electric Charge    Tloc/Air       10%        N/A       36%         3
 Manifold Assault         Tloc           9%         N/A       56%         4


Dungeon Overview and Level Annotations

Branches:
Dungeon (1/15)

Altars:

Shops:
D:1 =


Innate Abilities, Weirdness & Mutations

You are too large for most types of armour.
You have tough skin. (AC +1)


Message History

The jackal closely misses you.
You barely miss the jackal.
The jackal bites you but does no damage.
The jackal bites you.
You hit the jackal.
The jackal is severely wounded.
The jackal bites you.
* * * LOW HITPOINT WARNING * * *
The jackal bites you.
* * * LOW HITPOINT WARNING * * *
Blink to where?
Press: ? - help, Dir - move target
As you read the scroll of blinking, it crumbles to dust.
Okay, then.
You hit the jackal.
You kill the jackal!
The jackal barely misses you.
You miss the jackal.
The jackal is moderately wounded.
The jackal closely misses you.
You hit the jackal.
You kill the jackal!
You hit the ball python.
You kill the ball python!
A goblin is nearby!
The goblin hits you with a +0 club.
* * * LOW HITPOINT WARNING * * *
You barely miss the goblin. The goblin hits you with a +0 club.
* * * LOW HITPOINT WARNING * * *
You hit the goblin.
The goblin is severely wounded.
The goblin hits you with a +0 club.
* * * LOW HITPOINT WARNING * * *
You barely miss the goblin.
The goblin is severely wounded.
The goblin hits you but does no damage.
You barely miss the goblin.
The goblin is severely wounded.
The goblin hits you but does no damage. The goblin hits you with a +0 club.
You die...

.# #.....'..#. #..
#.<...#...#
♣..#.....#..##
#..#######..#
#...........#♣
.......
####...........~♣
....... #
##..#♣###.♣.♣♣#.#.
.......... #..##
♣♣.#♣ #♣..
......#..# #@##
#####.# ..
#........# #g#
#.....# ##
#[...#..# #.#
#.##### #....##.#
#.# #.# #.#...##.#
#.# #.# .#.#...#.#
#.#####.#
..##...#.###
#.##....#
....#......#
#†##.####
...........###
#.##.#


You could see a goblin.

Vanquished Creatures
  A dart slug (D:1)
  2 endoplasms (D:1)
  3 jackals (D:1)
  2 ball pythons (D:1)
  3 bats (D:1)
  A rat (D:1)
12 creatures vanquished.

Notes
Turn   | Place    | Note
-------+----------+-------------------------------------------
     0 | D:1      | cheesebisquit the Ogre Warper began the quest for the Orb.
     0 | D:1      | Reached XP level 1. HP: 22/22 MP: 3/3
    76 | D:1      | Found Loul's Jewellery Emporium.
   102 | D:1      | Reached XP level 2. HP: 27/29 MP: 5/5
   148 | D:1      | Reached skill level 3 in Fighting
   189 | D:1      | Slain by a goblin

Illustrated notes

Levels and vault maps discovered:
D:1:      saegor_arrival_under_anarchy, layout_rooms, serial_shops,
          nicolae_shop_waterfront, minmay_misc_feat_secret_circle

Skill      XL: |  1  2 |
---------------+-------+-----
Maces & Flails | 2 |  2.1
Fighting       | 3 |  3.0
Throwing       | |  1.0
Dodging        | |  2.1
Spellcasting   | |  2.6
Translocations | |  2.8

Action                     || total
---------------------------++-------
  Melee: Mace              ||    47
    Use: Scroll            ||     1
 Armour: Robe              ||    25
  Dodge: Dodged            ||    35
